 Dungeon Crawl Stone Soup version 0.25-a0-353-ged6d54792d (webtiles) character file.

Game seed: 7484887757341690684, levelgen mode: deterministic

95235 bmfx the Warrior (level 16, -9/176 HPs)
             Began as an Ogre Enchanter on Jan 2, 2020.
             Was the Champion of Ashenzari.
             Mangled by a ghost moth (18 damage)
             ... while paralysed
             ... on level 2 of the Spider Nest on Jan 3, 2020.
             The game lasted 01:51:55 (44474 turns).

bmfx the Warrior (Ogre Enchanter)                  Turns: 44474, Time: 01:51:56

Health: -9/176     AC:  8    Str: 15 (16) XL:     16   Next: 13%
Magic:  0/32       EV:  1    Int: 21      God:    Ashenzari [******]
Gold:   1992       SH:  0    Dex: 17 (19) Spells: 18/40 levels left

rFire    . . .     SeeInvis +   p - +4 dagger (curse)
rCold    . . .     Gourm    .   N - +0 shield (curse)
rNeg     . . .     Faith    .   w - +2 robe of the Curious Allies {Dex+5} (curse)
rPois    +         Spirit   .   v - +2 hat {MR+} (curse)
rElec    .         Reflect  .   H - +0 cloak
rCorr    .         Harm     .   (gloves unavailable)
MR       +++..     Clarity  +   (boots unavailable)
Stlth    +++++.....             (no amulet)
HPRegen  0.39/turn              S - +5 ring of dexterity (curse)
MPRegen  0.23/turn              Q - ring "Plog" {rPois MR+} (curse)

@: paralysed, lethally poisoned (-9 -> -41), berserk cooldown, slowed
A: large, unfitting armour, tough skin 1
a: Curse Item, Scrying, Transfer Knowledge, Renounce Religion


You were on level 2 of the Spider Nest.
You worshipped Ashenzari.
Ashenzari was exalted by your worship.
You were not hungry.

You visited 5 branches of the dungeon, and saw 26 of its levels.
You also visited: Ossuary and Gauntlet.

You collected 2720 gold pieces.
You spent 728 gold pieces at shops.


Innate Abilities, Weirdness & Mutations

You are too large for most types of armour.
You have tough skin. (AC +1)

Dungeon Overview and Level Annotations

Branches:
Dungeon (15/15)            Temple (1/1) D:7            Lair (6/6) D:11
 Shoals (0/4) Lair:3       Spider (2/4) Lair:4        Slime (0/5) Lair:6
    Orc (2/2) D:12            Elf (0/3) Orc:2        Vaults (0/5) D:13
 Depths (0/5) D:15        Ossuary (visited)         Gauntlet (visited)

Altars:
Ashenzari
Dithmenos
Elyvilon
Fedhas
Hepliaklqana
Kikubaaqudgha
Makhleb
Nemelex Xobeh
Okawaru
Qazlal
Ru
Sif Muna
Trog
Uskayaw
Wu Jian
Xom
Yredelemnul
Zin
The Shining One
Beogh
Jiyva

Shops:
D:5 %(   D:11 *   Orc:2 (}=*

Portals:
Hell: Lair:6

Annotations:
D:13 3 runed translucent doors
D:14 3 runed translucent doors, Ennomp's ghost, journeyman MiGl; Jorgrun
Lair:1 exclusion: oklob plant
Lair:2 Nergalle
Lair:4 exclusion: hydra
Lair:5 exclusion: 4 death yaks


   Skills:
 - Level 15.0 Fighting
 - Level 5.2(9.7) Short Blades
   Level 4.8 Polearms
 + Level 7.0(10.1) Dodging
 + Level 9.8(12.6) Stealth
 - Level 6.6(9.7) Shields
 - Level 12.7 Spellcasting
 - Level 8.0(11.0) Hexes
 - Level 8.0(11.0) Summonings
 - Level 3.0(5.6) Translocations
 - Level 4.0(6.8) Air Magic
 - Level 8.0(11.0) Evocations


You had 18 spell levels left.
You knew the following spells:

 Your Spells              Type           Power        Failure   Level  Hunger
a - Apportation           Tloc           #####.       1%          1    None
b - Blink                 Tloc           N/A          1%          2    None
A - Corona                Hex            ######.      1%          1    None
B - Ensorcelled Hibernat  Hex/Ice        #####.       1%          2    None
C - Confuse               Hex            ######..     1%          3    None
D - Tukima's Dance        Hex            ######..     1%          3    None
E - Confusing Touch       Hex            ######       1%          1    None
F - Summon Lightning Spi  Summ/Air       ######..     1%          4    None
G - Summon Ice Beast      Ice/Summ       #####...     4%          4    None
H - Magic Dart            Conj           ###.         4%          1    None

Your spell library contained the following spells:

 Spells                   Type           Power        Failure   Level  Hunger
 Summon Small Mammal      Summ           ####         1%          1    None
 Call Imp                 Summ           ######..     1%          2    None
 Slow                     Hex            ######..     1%          2    None
 Call Canine Familiar     Summ           ######..     1%          3    None
 Dazzling Flash           Conj/Hex       #####.       1%          3    None
 Summon Guardian Golem    Hex/Summ       ######..     1%          3    None
 Animate Skeleton         Necr           N/A          4%          1    None
 Mephitic Cloud           Conj/Pois/Air  ###.....     5%          3    None
 Conjure Flame            Conj/Fire      ###.....     12%         3    None

Action                   |  1- 3 |  4- 6 |  7- 9 | 10-12 | 13-15 | 16-18 || total
-------------------------+-------+-------+-------+-------+-------+-------++-------
Melee: Dagger            |    84 |   380 |   485 |   556 |  1082 |    38 ||  2625
       Short sword       |     9 |       |       |       |       |       ||     9
Throw: Dart              |    30 |     5 |    49 |     7 |    21 |     1 ||   113
 Cast: Corona            |    30 |       |     8 |       |       |       ||    38
       Ensorcelled Hiber |     2 |     3 |    41 |   171 |   367 |    22 ||   606
       Confuse           |     1 |    30 |   128 |    65 |   123 |     4 ||   351
       Tukima's Dance    |       |       |    27 |    25 |    10 |       ||    62
       Confusing Touch   |       |       |       |     3 |    51 |     1 ||    55
       Apportation       |       |       |       |     3 |       |       ||     3
       Summon Lightning  |       |       |       |       |     5 |     1 ||     6
       Summon Ice Beast  |       |       |       |       |     2 |     5 ||     7
       Magic Dart        |       |       |       |       |     1 |     1 ||     2
       Blink             |       |       |       |       |     1 |       ||     1
Invok: Curse Item        |       |       |     1 |     3 |     4 |       ||     8
       Scrying           |       |       |       |     1 |     3 |       ||     4
Evoke: Wand              |       |       |    13 |     1 |    29 |       ||    43
       Lightning rod     |       |       |       |       |     9 |       ||     9
       Phial of floods   |       |       |       |       |     1 |       ||     1
  Use: Scroll            |       |     5 |    17 |     9 |     7 |       ||    38
       Potion            |       |     1 |     4 |     8 |     1 |     1 ||    15
 Stab: Sleeping          |     1 |     5 |    18 |   128 |   241 |    17 ||   410
       Confused          |       |     9 |    43 |    34 |   112 |     3 ||   201
       Paralysed         |       |       |     1 |       |     3 |       ||     4
       Distracted        |       |       |       |     1 |     1 |       ||     2
       Held in net/web   |       |       |       |       |     2 |       ||     2
  Eat: Chunk             |     4 |    12 |    31 |    32 |    31 |       ||   110
       Ration            |       |     1 |     3 |     2 |     7 |     1 ||    14
Armor: Robe              |    21 |    63 |   128 |    81 |   153 |    14 ||   460
       Skin              |       |       |       |     1 |    21 |       ||    22
Dodge: Dodged            |    50 |   152 |   231 |   194 |   390 |    41 ||  1058
Block: Shield            |       |       |       |    14 |   403 |    42 ||   459

Skill      XL: |  1  2  3  4  5  6  7  8  9 10 11 12 13 14 15 16 |
---------------+-------------------------------------------------+-----
Fighting       | 1 2 3 4 6 8 12 15 | 15.0
Hexes          | 3 4 8 |  8.0
Spellcasting   | 3 4 5 9 10 12 | 12.7
Short Blades   | 1 2 3 4 5 |  5.2
Stealth        | 3 4 6 8 9 |  9.8
Polearms       | 4 |  4.8
Dodging        | 5 6 7 |  7.0
Translocations | 3 |  3.0
Shields        | 5 6 |  6.6
Evocations     | 4 8 |  8.0
Summonings     | 5 8 |  8.0
Air Magic      | 4 |  4.0

Inventory:

Hand Weapons
 p - a cursed +4 dagger (weapon)
Missiles
 h - 12 poisoned darts (quivered)
 C - a throwing net {!f}
 I - 6 curare-tipped darts
Armour
 b - +2 gold dragon scales
 v - a cursed +2 hat of magic resistance (worn)
 w - the cursed +2 robe of the Curious Allies (worn) {Dex+5}
   (You found it in a Gauntlet)

   It affects your dexterity (+5).
   It has a curse placed upon it.
 y - a +2 robe of resistance
 H - a +0 cloak (worn)
 N - a cursed +0 shield (worn)
Magical Staves
 K - an uncursed staff of air
Jewellery
 r - a +4 ring of intelligence
 t - an uncursed ring of positive energy
 u - an uncursed ring of protection from fire
 Q - the cursed ring "Plog" (right hand) {rPois MR+}
   (You bought it in a shop on level 2 of the Orcish Mines)

   [ring of poison resistance]

   It protects you from poison.
   It affects your resistance to hostile enchantments.
   It has a curse placed upon it.
 S - a cursed +5 ring of dexterity (left hand)
Wands
 g - a wand of paralysis (4)
 A - a wand of random effects (58)
 E - a wand of iceblast (6)
 F - a wand of digging (5)
 J - a wand of enslavement (5)
 M - a wand of scattershot (1)
 O - a wand of flame (30)
 P - a wand of polymorph (16)
 U - a wand of clouds (1)
Scrolls
 e - 4 scrolls of immolation
 j - 3 scrolls of blinking {@r2}
 l - 2 scrolls of enchant armour
 n - a scroll of remove curse {@r4}
 q - 7 scrolls of teleportation {@r1}
 x - 3 scrolls of fear
 D - 8 scrolls of enchant weapon
 L - 2 scrolls of fog
 W - a scroll of magic mapping
 Y - 5 scrolls of identify {@r3}
Potions
 a - 6 potions of brilliance
 c - 4 potions of ambrosia
 f - 12 potions of curing {@q2}
 i - 4 potions of flight
 k - 4 potions of resistance
 m - 4 potions of haste {@q4}
 s - 4 potions of heal wounds {@q1}
 z - 2 potions of lignification
 G - a potion of agility
 X - a potion of magic
 Z - a potion of cancellation
Miscellaneous
 o - a phial of floods (inert)
 T - a lightning rod (4/4)
Comestibles
 d - 36 rations

#...######...#**
, ,
####*##......#*
, , ,,,
*#.......## , ,
,* #.........##*
,* **
#......#....# **
##...!##....#
#....###..###
##..##s....# *
^##@y...##
*#....###
#......#
#...>.##
#.....## ##....#
#....# ######


You could see an emperor scorpion and a ghost moth (invisible).

Vanquished Creatures
  Gastronok (D:10)
  A fire giant (D:15)
  An emperor scorpion (Spider:2)
  An entropy weaver (Spider:2)
  A dire elephant (Lair:6)
  4 hydras
  3 centaur warriors
  2 dancing weapons (D:13)
  4 two-headed ogres
  A tengu warrior (D:15)
  2 orc high priests
  A sun demon (Lair:6)
  2 unseen horrors (D:13)
  A wizard (Lair:6)
  6 orb spiders
  2 wolf spider zombies
  7 wolf spiders
  3 orc knights (Orc:2)
  11 deep elf magi
  12 ugly things
  2 manticores (D:14)
  A cyclops (D:13)
  15 elephants
  A moth of wrath (Spider:2)
  A black mamba (shapeshifter) (Gauntlet)
  Maurice (D:12)
  A merfolk siren (Lair:3)
  6 black mambas
  14 spiny frogs
  Psyche (D:9)
  An orange demon (Lair:6)
  A yaktaur (D:13)
  2 rime drakes
  2 demonic crawlers
  A freezing wraith (D:13)
  2 kobold demonologists
  A hellwing (Lair:6)
  5 komodo dragons
  2 red devils (Lair:6)
  A tengu conjurer (D:15)
  17 jumping spiders
  A harpy zombie (D:15)
  2 merfolk (Lair:3)
  4 ice devils
  A polar bear (Lair:6)
  A meliai (shapeshifter) (D:14)
  A raiju (Gauntlet)
  Grinder (D:3)
  4 trolls
  A hornet (shapeshifter) (D:15)
  A blink frog (Lair:6)
  2 hornets (D:14)
  7 hippogriffs
  22 redbacks
  2 centaur simulacra (D:14)
  12 spriggans (D:14)
  3 shadows
  A tarantella (shapeshifter) (D:13)
  2 vampires
  11 tarantellas
  6 wyverns
  29 yaks
  4 hungry ghosts
  3 steam dragons
  5 basilisks
  Menkaure (D:5)
  Edmund (D:4)
  An acid dragon (D:11)
  6 wargs
  5 hell hounds (Lair:6)
  13 water moccasins
  10 porcupines
  6 sky beasts
  4 ice beasts
  2 eyes of draining (D:13)
  44 orc warriors
  2 black bears
  6 ogres
  2 phantoms
  3 boggarts (D:14)
  18 centaurs
  16 crocodiles
  5 big kobolds
  2 wyvern zombies
  21 bullfrogs
  A gnoll sergeant (D:12)
  2 scorpions
  7 wights
  12 howler monkeys
  An electric eel (Orc:2)
  3 jellies
  2 centaur zombies
  8 crimson imps
  3 quasits
  3 bullfrog zombies
  14 orc priests
  2 bullfrog skeletons
  3 centaur skeletons
  8 hounds
  25 orc wizards
  2 iguanas
  Jessica (D:2)
  Ijyb (D:4)
  17 worker ants
  4 big kobold zombies (Ossuary)
  A hound zombie (D:5)
  3 mummies
  Robin (D:2)
  2 worker ant zombies
  10 gnolls
  7 adders
  2 shadow imps
  An adder skeleton (D:6)
  3 adder zombies (Ossuary)
  2 worms
  2 dart slugs
  6 leopard geckos
  109 orcs
  2 ball pythons
  5 giant cockroaches
  15 goblins
  13 hobgoblins
  8 jackals
  20 kobolds
  3 quokkas
  11 bats
  4 frilled lizards
  5 gnoll zombies (Ossuary)
  3 hobgoblin zombies (Ossuary)
  A jackal skeleton (D:4)
  5 kobold zombies (Ossuary)
  3 orc zombies (Ossuary)
  A quokka skeleton (D:7)
  3 rats
808 creatures vanquished.

Vanquished Creatures (collateral kills)
  A two-headed ogre (D:8)
  A merfolk siren (Lair:3)
  A gargoyle (D:12)
  A hornet (D:14)
  Sigmund (D:5)
  2 orc warriors
  2 ogres
  A wight (D:6)
  An orc wizard (D:8)
  A gnoll (D:3)
  An orc (D:8)
  A giant cockroach (D:4)
14 creatures vanquished.

Vanquished Creatures (others)
  5 dancing weapons
  An electric eel (Lair:3)
  An orc wizard (D:10)
  3 bushes
  A demonic plant (Gauntlet)
  13 fungi
  10 plants
34 creatures vanquished.

Grand Total: 856 creatures vanquished

Levels and vault maps discovered:
D:1:      sevenhm_arrival_forest_fort_small_5, layout_basic
D:2:      layout_loops_corners, okawaru_metal_pillars_1_2,
          chequers_ecumenical_altar_island, uniq_robin, uniq_jessica
D:3:      layout_basic, first_ration, minmay_misc_feat_x, grunt_ministairs_2,
          wander_ebering_terrifying_dragon_lair, uniq_grinder
D:4:      layout_cave_pools, gup_ossuary_entry_pyramid, uniq_ijyb, uniq_edmund
D:5:      layout_gridville, basic_altar, serial_shops, shop, shop,
          nicolae_ru_great_annihilating_truth, uniq_menkaure, uniq_sigmund
D:6:      layout_rooms, hangedman_decor_diamond_cutter
D:7:      layout_rooms, temple_hall
D:8:      layout_gridville, grunt_ogre_cave
D:9:      layout_basic, uniq_psyche
D:10:     kennysheep_blocky_hall, layout_irregular_city, uniq_gastronok
D:11:     layout_roguey [special_room_orc], minmay_lair_entry_grove,
          serial_shops, nicolae_shop_waterfront
D:12:     layout_loops_cross, hiddenorc1_lemuel, minmay_unpleasant_kobolds,
          uniq_maurice
D:13:     minmay_the_grid_triangle_9x9_recursive_2_mashed
          [minmay_the_grid_triangle_9x9_prize_schism,
          minmay_the_grid_triangle_9x9_fully_insulated_deathbox,
          minmay_the_grid_triangle_9x9_corrupted_corridor,
          minmay_the_grid_triangle_9x9_corruption], layout_small_grid,
          erik_vaults_1, basic_altar, minivault_25
D:14:     kb_forest_paths, layout_basic, ebering_ghost_rock_garden,
          fedhas_altar_3, uniq_jorgrun
D:15:     grunt_enter_depths_giant_problem, layout_basic,
          chequers_serial_rivers_micro_c
Temple:   kilobyte_greek_temple
Lair:1:   layout_cave_pods, beast_lair_carwin_9, minmay_lair_oklob_chamber
Lair:2:   layout_cave_pods, uniq_nergalle
Lair:3:   layout_chaotic_city, elwin_shoals_entry_stream,
          gauntlet_entry_generic, serial_bayou_shore_a, grunt_megastairs_4
Lair:4:   layout_roguey, spider_nest_entry_webs, portal_ice_cave_demonic_guard,
          wad_woods_06, chequers_serial_rivers_micro_b, st_stairs_7
Lair:5:   layout_regular_city
Lair:6:   evil_forest, layout_cave_pods, slime_altar_1, lemuel_fruit_tree
Spider:1: layout_chambers
Spider:2: layout_spider_delve
Orc:1:    layout_diamond_mine
Orc:2:    st_orc_rangers, layout_caves, basic_altar, elves_outpost_lemuel


Message History

The ghost moth stares at you.
You feel your power leaking away. The ghost moth hits you!
* * * LOW HITPOINT WARNING * * *
You feel clumsy.
The ghost moth hits you but does no damage.
The ghost moth stings you.
* * * LOW HITPOINT WARNING * * *
The emperor scorpion stings you!!
* * * LOW HITPOINT WARNING * * *
The emperor scorpion claws you!
* * * LOW HITPOINT WARNING * * *
The emperor scorpion claws you but does no damage.
* * * LOW HITPOINT WARNING * * *
You feel very sick. The ghost moth stares at you. The ghost moth hits you.
* * * LOW HITPOINT WARNING * * *
The ghost moth hits you!!
You die...

Notes
Turn   | Place    | Note
-------+----------+-------------------------------------------
     0 | D:1      | bmfx the Ogre Enchanter began the quest for the Orb.
     0 | D:1      | Reached XP level 1. HP: 16/16 MP: 3/3
   414 | D:1      | Reached skill level 1 in Fighting
   414 | D:1      | Reached XP level 2. HP: 19/27 MP: 3/5
   425 | D:1      | Learned a level 2 spell: Ensorcelled Hibernation
  1374 | D:2      | Reached XP level 3. HP: 31/35 MP: 5/7
  1611 | D:2      | Found an iron altar of Okawaru.
  1732 | D:2      | Reached skill level 2 in Fighting
  1747 | D:2      | Found a faded altar of an unknown god.
  1775 | D:2      | Noticed Robin
  1859 | D:1      | Learned a level 3 spell: Confuse
  2214 | D:2      | Noticed Jessica
  2224 | D:2      | Killed Jessica
  2224 | D:2      | Reached XP level 4. HP: 44/44 MP: 5/9
  2888 | D:2      | Killed Robin
  2888 | D:2      | Reached skill level 3 in Fighting
  3445 | D:3      | Reached XP level 5. HP: 53/53 MP: 6/10
  4128 | D:3      | Learned a level 3 spell: Tukima's Dance
  4249 | D:3      | Reached skill level 4 in Fighting
  4256 | D:3      | Reached skill level 1 in Short Blades
  4412 | D:3      | Reached XP level 6. HP: 62/62 MP: 8/12
  4710 | D:3      | Noticed Grinder
  4776 | D:4      | Found a sand-covered staircase.
  4804 | Ossuary  | Entered an ossuary
  5955 | D:4      | Reached XP level 7. HP: 58/71 MP: 1/13
  6176 | D:4      | Noticed Edmund
  6205 | D:4      | Killed Edmund
  6205 | D:4      | Reached skill level 5 in Fighting
  7275 | D:4      | Noticed Ijyb
  7296 | D:4      | Killed Ijyb
  7327 | D:4      | Reached skill level 6 in Fighting
  7514 | D:5      | Entered Level 5 of the Dungeon
  7521 | D:5      | Noticed Menkaure
  7771 | D:5      | Found a blossoming altar of Fedhas.
  7786 | D:5      | Found Yfumet's Food Shoppe.
  8310 | D:5      | Reached XP level 8. HP: 66/83 MP: 9/14
  9146 | D:5      | Noticed Sigmund
  9164 | D:5      | Killed Sigmund
  9164 | D:5      | Reached skill level 7 in Fighting
  9975 | D:5      | Found a sacrificial altar of Ru.
 10573 | D:6      | Reached skill level 5 in Spellcasting
 10734 | D:6      | Reached skill level 8 in Fighting
 10734 | D:6      | Reached XP level 9. HP: 85/96 MP: 8/16
 10809 | D:6      | Reached skill level 5 in Stealth
 11003 | D:6      | Reached skill level 5 in Hexes
 12067 | D:7      | Found a staircase to the Ecumenical Temple.
 12103 | Temple   | Entered the Ecumenical Temple
 12221 | Temple   | Became a worshipper of Ashenzari the Shackled
 13383 | D:3      | Killed Grinder
 13518 | D:5      | Found Xoteusam's Antique Weapon Shop.
 14529 | D:8      | Reached XP level 10. HP: 87/104 MP: 14/17
 14923 | D:8      | Reached skill level 1 in Polearms
 15022 | D:8      | Noticed a two-headed ogre
 15032 | D:8      | Killed a two-headed ogre
 15683 | D:9      | Reached * piety under Ashenzari
 16123 | D:9      | Noticed Psyche
 16520 | D:9      | Learned a level 1 spell: Confusing Touch
 16790 | D:10     | Entered Level 10 of the Dungeon
 16800 | D:10     | Noticed Gastronok
 17824 | D:10     | Reached skill level 5 in Short Blades
 17978 | D:10     | Learned a level 2 spell: Blink
 18119 | D:10     | Reached ** piety under Ashenzari
 18366 | D:10     | Killed Gastronok
 18366 | D:10     | Reached XP level 11. HP: 111/111 MP: 18/18
 18626 | D:11     | Found Jubuitt's General Store.
 18626 | D:11     | Noticed a two-headed ogre
 18635 | D:11     | Killed a two-headed ogre
 18740 | D:11     | Bought a potion of haste for 150 gold pieces
 18740 | D:11     | Bought a scroll of teleportation for 45 gold pieces
 19049 | D:11     | Noticed a sun demon
 19278 | D:11     | Found a roughly hewn altar of Beogh.
 19714 | D:11     | Found a staircase to the Lair.
 20636 | D:12     | Found a staircase to the Orcish Mines.
 21335 | D:12     | Reached skill level 5 in Dodging
 21335 | D:12     | Reached XP level 12. HP: 114/119 MP: 17/25
 21404 | D:12     | Noticed Maurice
 21404 | D:12     | Noticed a centaur warrior
 21410 | D:12     | Killed a centaur warrior
 21413 | D:12     | Killed Maurice
 21413 | D:12     | Reached skill level 10 in Spellcasting
 21541 | Lair:1   | Entered Level 1 of the Lair of Beasts
 21718 | Lair:1   | Reached *** piety under Ashenzari
 22031 | Lair:1   | Reached skill level 1 in Translocations
 22846 | Lair:2   | Reached skill level 1 in Shields
 22889 | Lair:2   | Noticed Nergalle
 23155 | Lair:2   | Reached **** piety under Ashenzari
 23836 | Lair:3   | Learned a level 1 spell: Apportation
 23852 | Lair:3   | Found a gate leading to a gauntlet.
 23869 | Gauntlet | Entered a Gauntlet
 23869 | Gauntlet | Found a runed translucent door.
 23869 | Gauntlet | Found a transporter.
 23869 | Gauntlet | Found a runed translucent door.
 23869 | Gauntlet | Found a runed translucent door.
 23869 | Gauntlet | Found a transporter.
 23886 | Gauntlet | Found a transporter.
 23890 | Gauntlet | Found a transporter.
 23899 | Gauntlet | Found a transporter.
 23902 | Gauntlet | Found a transporter.
 23910 | Gauntlet | Found a transporter.
 23910 | Gauntlet | Noticed a great orb of eyes
 23926 | Gauntlet | Found a transporter.
 23943 | Gauntlet | Found a transporter.
 23944 | Gauntlet | Found a transporter.
 23952 | Gauntlet | Found a transporter.
 23956 | Gauntlet | Found a transporter.
 23960 | Gauntlet | Found a runed translucent door.
 24098 | Gauntlet | Noticed a minotaur
 24099 | Gauntlet | Identified the +2 robe of the Curious Allies {Dex+5}
 24149 | Gauntlet | Identified the +0 robe of the Sea {Str+3}
 24511 | Lair:3   | Reached skill level 5 in Shields
 24709 | Lair:3   | Reached skill level 1 in Evocations
 25021 | Lair:3   | Found a staircase to the Shoals.
 25285 | Lair:3   | Reached ***** piety under Ashenzari
 25368 | Lair:4   | Noticed a death yak
 25368 | Lair:4   | Noticed a death yak
 25369 | Lair:4   | Noticed a death yak
 25439 | Lair:4   | Noticed a five-headed hydra
 25463 | Lair:4   | Found a hole to the Spider Nest.
 25839 | Lair:4   | Found a frozen archway.
 25995 | Lair:4   | Reached XP level 13. HP: 127/127 MP: 27/27
 26416 | Lair:4   | Reached skill level 5 in Evocations
 27945 | Lair:5   | Learned a level 4 spell: Summon Lightning Spire
 28473 | Lair:6   | Entered Level 6 of the Lair of Beasts
 28803 | Lair:5   | Reached skill level 1 in Summonings
 28803 | Lair:5   | Reached skill level 1 in Air Magic
 29266 | Lair:6   | Found a viscous altar of Jiyva.
 29267 | Lair:6   | Found a staircase to the Slime Pits.
 30059 | Lair:6   | Noticed a dire elephant
 30092 | Lair:6   | Killed a dire elephant
 30092 | Lair:6   | Reached skill level 5 in Summonings
 30092 | Lair:6   | Reached XP level 14. HP: 60/136 MP: 16/28
 30413 | Lair:6   | Found a burning altar of Makhleb.
 31121 | Lair:6   | Found a gateway to Hell.
 31129 | Lair:6   | Identified the +11 quarterstaff of the Vase {flame, Dex+5}
 31176 | Lair:6   | Learned a level 4 spell: Summon Ice Beast
 31486 | D:5      | Found a blossoming altar of Fedhas.
 31501 | D:5      | Killed Menkaure
 31581 | D:9      | Killed Psyche
 31719 | D:13     | Found a stormy altar of Qazlal.
 32220 | D:13     | Found a gate to the Vaults.
 32333 | D:13     | Identified the +7 trident "Utyxur" {flame, +Blink +Rage MR+
                  | Int-4}
 32334 | D:13     | Identified the +7 hand crossbow of Tudarch {venom, +Fly
                  | rC+++ Str-4 Int-5}
 32353 | D:13     | Reached skill level 9 in Fighting
 32495 | D:13     | Found a runed translucent door.
 32495 | D:13     | Noticed a stone giant
 32525 | D:13     | Found a runed translucent door.
 32526 | D:13     | Found a runed translucent door.
 32910 | D:13     | Reached skill level 10 in Fighting
 33171 | D:14     | Reached skill level 11 in Fighting
 33466 | D:14     | Reached skill level 12 in Fighting
 33532 | D:14     | Found a runed translucent gate.
 33534 | D:14     | Found a runed translucent gate.
 33535 | D:14     | Found a runed translucent gate.
 33535 | D:14     | Noticed Ennomp's ghost (journeyman MiGl)
 33537 | D:14     | Identified the cursed +1 long sword of Joemeusu {freeze,
                  | rF+}
 33641 | D:14     | Found a blossoming altar of Fedhas.
 33697 | D:14     | Noticed Jorgrun
 34418 | D:15     | Entered Level 15 of the Dungeon
 34834 | D:14     | Reached XP level 15. HP: 158/158 MP: 29/29
 34883 | D:14     | Reached skill level 13 in Fighting
 35859 | D:15     | Found a staircase to the Depths.
 35859 | D:15     | Noticed a fire giant
 35954 | D:15     | Killed a fire giant
 36518 | Orc:1    | Entered Level 1 of the Orcish Mines
 36997 | Orc:2    | Entered Level 2 of the Orcish Mines
 36997 | Orc:2    | Found a staircase to the Elven Halls.
 37267 | Orc:2    | Found a roughly hewn altar of Beogh.
 37508 | Orc:1    | Reached skill level 14 in Fighting
 37803 | Orc:2    | Reached ****** piety under Ashenzari
 40355 | Orc:2    | Found Biedwuin's Gadget Shop.
 40355 | Orc:2    | Found Pepaetir's Jewellery Shoppe.
 40357 | Orc:2    | Found Puox's General Store.
 40359 | Orc:2    | Found Sioth's Weapon Boutique.
 40366 | Orc:2    | Bought a potion of haste for 110 gold pieces
 40374 | Orc:2    | Bought the ring "Plog" {rPois MR+} for 423 gold pieces
 40993 | Spider:1 | Entered Level 1 of the Spider Nest
 41225 | Spider:1 | Reached skill level 15 in Fighting
 42363 | Spider:2 | Noticed an emperor scorpion
 42593 | Spider:2 | Learned a level 1 spell: Magic Dart
 42776 | Spider:2 | Killed an emperor scorpion
 43207 | Spider:2 | Reached XP level 16. HP: 98/176 MP: 28/32
 44474 | Spider:2 | Mangled by a ghost moth
